 Dungeon Crawl Stone Soup version 0.27-a0-1149-g4505690ab0 (webtiles) character file.

Game seed: 17888233533815622031

294 Sobieck the Chopper (level 6, -4/51 HPs)
             Began as a Formicid Fighter on May 13, 2021.
             Slain by a two-headed ogre
             ... wielding a +0 giant spiked club
              (24 damage)
             ... on level 4 of the Dungeon.
             The game lasted 00:08:26 (4541 turns).

Sobieck the Chopper (Formicid Fighter)              Turns: 4541, Time: 00:08:27

Health: -4/51      AC: 10    Str: 23    XL:     6   Next: 60%
Magic:  3/6        EV:  8    Int:  5    God:
Gold:   75         SH:  9    Dex: 10    Spells: 5/5 levels left

rFire    . . .     SeeInvis +   s - +0 dagger (venom) {short}
rCold    . . .     Faith    .   c - +0 kite shield
rNeg     . . .     Spirit   .   b - +0 scale mail
rPois    .         Reflect  .   (helmet unavailable)
rElec    .         Harm     .   (no cloak)
rCorr    .         Rampage  .   (no gloves)
Will     .....                  (no boots)
Stlth    ..........             (no amulet)
HPRegen  0.17/turn              v - +4 ring of protection
MPRegen  0.10/turn              (no ring)

@: no status effects
A: permanent stasis, dig shafts and tunnels, antennae 3, four strong arms, dopey
1, robust 1, MP-powered wands
a: Dig, Shaft Self


You were on level 4 of the Dungeon.
You visited 1 branch of the dungeon, and saw 5 of its levels.

You collected 124 gold pieces.
You spent 49 gold pieces at shops.


Innate Abilities, Weirdness & Mutations

You cannot be hasted, slowed, berserked, paralysed or teleported.
You can dig through walls and to a lower floor.
You have a pair of large antennae on your head. (SInv)
Your four strong arms can wield two-handed weapons with a shield.
You are dopey. (Int -2)
You are robust. (+10% HP)
You expend magic power (3 MP) to strengthen your wands.


   Skills:
 - Level 3.2 Fighting
 + Level 6.5 Axes
 - Level 3.2 Armour
 - Level 3.6 Shields


You had 5 spell levels left.
You didn't know any spells.
Your spell library contained the following spells:

 Spells                   Type           Power      Damage    Failure   Level
 Magic Dart               Conj           0%         1d3       99%         1
 Call Imp                 Summ           0%         N/A       99%         2
 Slow                     Hex            0%         N/A       99%         2
 Confusing Touch          Hex            0%         N/A       100%        3
 Conjure Flame            Conj/Fire      0%         6-21      100%        3
 Gell's Gravitas          Tloc           0%         N/A       100%        3
 Mephitic Cloud           Conj/Pois/Air  0%         N/A       100%        3
 Petrify                  Tmut/Erth      0%         N/A       100%        4
 Metabolic Englaciation   Hex/Ice        0%         N/A       100%        5
 Yara's Violent Unravell  Hex/Tmut       0%         3d3       100%        5
 Blink                    Tloc           Unusable   N/A       N/A         2

Inventory:

Hand Weapons
 a - a +0 war axe {axe}
 k - a +0 flail {mace}
   (You took it off an orc on level 2 of the Dungeon)
 n - a +0 hand crossbow {crossbow}
   (You found it on level 2 of the Dungeon)
 s - a +0 dagger of venom (weapon) {short}
   (You took it off an orc on level 4 of the Dungeon)
 u - a +1 flail of protection {mace}
   (You took it off a gnoll on level 4 of the Dungeon)
Missiles
 e - 86 stones {throwing}
 h - 25 poisoned darts (quivered) {throwing}
 w - 24 arrows
Armour
 b - a +0 scale mail (worn)
 c - a +0 kite shield (worn)
 o - a +3 leather armour
   (You took it off an orc on level 4 of the Dungeon)
Jewellery
 v - a +4 ring of protection (left hand)
   (You found it on level 3 of the Dungeon)
Wands
 p - a wand of flame (8)
   (You took it off Ijyb on level 3 of the Dungeon)
Scrolls
 g - 2 scrolls of identify {@r1}
 j - 3 scrolls of torment {!r}
 l - a scroll of brand weapon {unknown}
 r - 2 scrolls of teleportation {@r4}
Potions
 d - 2 potions of might
 f - 2 potions of flight
 i - a potion of attraction {!q}
 q - 2 potions of curing {@q1}

Dungeon Overview and Level Annotations

Branches:
Dungeon (5/15)
 Temple: D:4-7

Altars:
Ashenzari
Gozag
Hepliaklqana
Xom
Zin

Shops:
D:3 ?

Annotations:
D:4 exclusion: downstairs

,,,,,* ********,* ###..## ##.#
,***** #.###.....###... #*
#).............. #####
#.###........... #...##
#..............# ##...###########
#.#####...##...#
'..............###.........##..>#
##...######.....##.######<####.##
###.........†...@..# #.# #... #
#########....O##.# #.# #### #
##...###.# #.# #... ##.## #<# #.#
#.## #.# #.# #.# *#,* #.# #.# #.#
*,,* #############.# #.# #.###..*
..............# #.# #...#..##
.....########## #.# ###.#....


You could see a two-headed ogre (very poisoned).


Message History

Unknown command.
e - 86 stones {throwing} (gained 25)
There is an escape hatch in the floor here.
The angel shouts!
l - a scroll labelled VAPEKO IJYS You see here a +0 dagger {short}.
There is an escape hatch in the ceiling here.
Done exploring.
The angel shouts!
There is a stone staircase leading down here.
There is a stone staircase leading up here.
There is a stone staircase leading down here.
You climb downwards.
Level annotation: exclusion: downstairs
There is a stone staircase leading up here.
A hobgoblin comes into view.
The hobgoblin shouts!
The hobgoblin completely misses you.
You hit the hobgoblin. The hobgoblin barely misses you.
You slash the hobgoblin!
You kill the hobgoblin!
No target in view!
You open the door.
There is an open door here.
You now have 75 gold pieces (gained 11).
There is an open door here.
Found a stone staircase leading down.
No target in view!
Unknown command.
You can't go down here!
(D) Dungeon
Where to? (Enter - D:3 @ (x,y), ? - help)
Okay, then.
(D) Dungeon
Where to? (Enter - D:3 @ (x,y), ? - help)
There is a stone staircase leading down here.
You climb downwards.
There is a stone staircase leading up here.
A two-headed ogre is nearby!
Throw: 29 darts (poison) {throwing}
Press: ? - help, Q - select action, (/) - cycle Shift-Dir - straight line, f - two-headed ogre
Aim: a two-headed ogre, wielding two +0 giant spiked clubs (72% to hit)
You throw a poisoned dart {throwing}.
The poisoned dart {throwing} hits the two-headed ogre.
The two-headed ogre is poisoned.
Throw: 28 darts (poison) {throwing}
Press: ? - help, Q - select action, (/) - cycle Shift-Dir - straight line, f/p - two-headed ogre
Aim: a two-headed ogre, wielding two +0 giant spiked clubs (poisoned, 72% to hit)
You throw a poisoned dart {throwing}.
The poisoned dart {throwing} barely misses the two-headed ogre.
Throw: 27 darts (poison) {throwing}
Press: ? - help, Q - select action, (/) - cycle Shift-Dir - straight line, f/p - two-headed ogre
Aim: a two-headed ogre, wielding two +0 giant spiked clubs (lightly wounded, poisoned, 72% to hit)
You throw a poisoned dart {throwing}.
The poisoned dart {throwing} hits the two-headed ogre.
The two-headed ogre looks even sicker.
A hound comes into view.
Throw: 26 darts (poison) {throwing}
Press: ? - help, Q - select action, (/) - cycle Shift-Dir - straight line, f/p - two-headed ogre
Aim: a two-headed ogre, wielding two +0 giant spiked clubs (lightly wounded, very poisoned, 72% to hit)
You throw a poisoned dart {throwing}.
The poisoned dart {throwing} barely misses the two-headed ogre.
The hound barks!
The two-headed ogre barely misses you. You block the two-headed ogre's attack.
You climb upwards.
Level annotation: exclusion: downstairs
There is a stone staircase leading down here.
Your +0 dagger of venom {short} begins to drip with poison!
s - a +0 dagger of venom (weapon)
{short} You hit the two-headed ogre but do no damage.
The two-headed ogre looks as sick as possible!
You block the two-headed ogre's attack.
The two-headed ogre hits you with a +0 giant spiked club! 😕 HP[-11]
You take 11 damage, and now have 40/51 hp.
MASSIVE DAMAGE!! (PAUSE) Unknown command.
Unknown command.
Unknown command. 😕 HP[+1]
You hit the two-headed ogre.
The two-headed ogre looks as sick as possible!
The two-headed ogre hits you with a +0 giant spiked club!!
* * * LOW HITPOINT WARNING * * *
You block the two-headed ogre's attack. 😨 HP[-24]
You take 24 damage, and now have 17/51 hp.
MASSIVE DAMAGE!! (PAUSE) 😨 HP[+1] 😨 HP[+1]
Aiming: Throw Flame
Press: ? - help, Shift-Dir - straight line, f - two-headed ogre
Aim: a two-headed ogre, wielding two +0 giant spiked clubs (moderately wounded, very poisoned, 86% to hit)
You feel a surge of power!
The puff of flame hits the two-headed ogre! 😨 MP[-3]
You lost 3 mp, and now have 3/6 mp.
You block the two-headed ogre's attack.
The two-headed ogre hits you with a +0 giant spiked club!!
You die...

Skill      XL: |  1  2  3  4  5  6 |
---------------+-------------------+-----
Axes           | 3 4 5 6 |  6.5
Fighting       | |  3.2
Armour         | |  3.2
Shields        | |  3.6

Action                   |  1- 3 |  4- 6 || total
-------------------------+-------+-------++-------
Melee: War axe           |    91 |   167 ||   258
       Dagger            |       |     2 ||     2
Throw: Dart              |       |     4 ||     4
 Abil: Dig               |     1 |     1 ||     2
Evoke: Wand              |       |     1 ||     1
  Use: Scroll            |       |     7 ||     7
       Potion            |       |     5 ||     5
Armor: Scale mail        |    57 |    74 ||   131
Dodge: Dodged            |    39 |    60 ||    99
Block: Kite shield       |    73 |    80 ||   153

Levels and vault maps discovered:
D:1:      dpeg_arrival_pits, layout_loops_ring,
          wander_ebering_terrifying_dragon_lair
D:2:      minmay_inner_zag, layout_basic, uniq_jessica
D:3:      layout_rooms, grunt_temple_overflow_order_and_chaos_1, serial_shops,
          nicolae_shop_window_shopping, uniq_ijyb
D:4:      layout_loops_ring, lemuel_round_altar, amcnicky_altar_gilded,
          old_standard_altar, kennysheep_small_square
D:5:      layout_rooms, kennysheep_orc_sif_temple, uniq_grinder

Notes
Turn   | Place    | Note
-------+----------+-------------------------------------------
     0 | D:1      | Sobieck the Formicid Fighter began the quest for the Orb.
     0 | D:1      | Reached XP level 1. HP: 18/18 MP: 1/1
     0 | D:1      | magus.rc [v1.9.6]
    68 | D:1      | Reached XP level 2. HP: 23/24 MP: 2/2
   126 | D:2      | Reached skill level 3 in Axes
   472 | D:2      | Reached XP level 3. HP: 26/29 MP: 3/3
   721 | D:3      | Noticed Ijyb
  1427 | D:2      | Reached skill level 4 in Axes
  1427 | D:2      | Reached XP level 4. HP: 31/35 MP: 4/4
  1476 | D:2      | Noticed Jessica
  1481 | D:2      | Killed Jessica
  1482 | D:2      | Reached XP level 5. HP: 21/41 MP: 5/5
  1659 | D:3      | Found Zela Xorch's Magic Scroll Emporium.
  1671 | D:3      | Bought a scroll of magic mapping for 49 gold pieces
  1684 | D:3      | Reached skill level 5 in Axes
  1697 | D:3      | Killed Ijyb
  1888 | D:5      | Entered Level 5 of the Dungeon
  1888 | D:5      | Noticed a two-headed ogre
  1936 | D:4      | Found a broken altar of Ashenzari.
  2155 | D:4      | Found a hazy altar of Hepliaklqana.
  2173 | D:4      | Reached XP level 6. HP: 41/47 MP: 6/6
  2215 | D:4      | Found an opulent altar of Gozag.
  2231 | D:4      | HP: 10/47 [gnoll/+1 flail of protection (7)]
  2235 | D:4      | Reached skill level 6 in Axes
  2591 | D:3      | You pick up a book of Minor Magic and begin reading...
  2591 | D:3      | You add the spells Magic Dart, Call Imp, Slow, Conjure
                  | Flame and Mephitic Cloud to your library.
  2715 | D:1      | You pick up a book of Misfortune and begin reading...
  2715 | D:1      | You add the spells Confusing Touch, Gell's Gravitas,
                  | Petrify, Metabolic Englaciation and Yara's Violent
                  | Unravelling to your library.
  3951 | D:2      | Gained mutation: You are robust. (+10% HP) [potion of
                  | mutation]
  3951 | D:2      | Gained mutation: You are dopey. (Int -2) [potion of
                  | mutation]
  3951 | D:2      | Gained mutation: You expend magic power (3 MP) to
                  | strengthen your wands. [potion of mutation]
  4185 | D:3      | Found a glowing silver altar of Zin.
  4208 | D:3      | Noticed an angel
  4214 | D:3      | Found a shimmering altar of Xom.
  4541 | D:4      | Slain by a two-headed ogre

Vanquished Creatures
  A hound (D:4)
  A jelly (D:2)
  Jessica (D:2)
  Ijyb (D:3)
  An orc wizard (D:4)
  3 gnolls (D:4)
  3 adders
  A worm (D:2)
  4 orcs
  10 bats
  8 endoplasms
  3 giant cockroaches (D:1)
  8 goblins
  7 hobgoblins
  8 jackals
  5 quokkas
  10 ball pythons
  6 frilled lizards
  9 kobolds
  5 rats
95 creatures vanquished.

Vanquished Creatures (others)
  5 orcs (D:3)
5 creatures vanquished.

Grand Total: 100 creatures vanquished

Table legend:
 A = Non-vault XP
 B = Vault XP
 C = Vault XP percentage of total XP
 D = Non-vault monster count
 E = Vault monster count
 F = Vault count percentage of total count
                 A         B        C        D         E       F
            +---------+---------+-------+---------+---------+-------
      Total |     343 |      78 |  18.5 |      90 |       5 |   5.3
            +---------+---------+-------+---------+---------+-------
        D:1 |      51 |       1 |   1.9 |      27 |       1 |   3.6
        D:2 |      96 |      41 |  29.9 |      28 |       3 |   9.7
        D:3 |      51 |      36 |  41.4 |      18 |       1 |   5.3
        D:4 |     145 |       0 |   0.0 |      17 |       0 |   0.0
            +---------+---------+-------+---------+---------+-------

Illustrated notes

Table legend:
 A = Kills in this place as a percentage of kills in entire the game.
 B = Kills by you in this place as a percentage of kills by you in the entire game.
 C = Kills by friends in this place as a percentage of kills by friends in the entire game.
 D = Other kills in this place as a percentage of other kills in the entire game.
 E = Experience gained in this place as a percentage of experience gained in the entire game.
 F = Experience gained in this place divided by the number of levels of this place that you have seen.
                   A       B       C       D       E      F
               +-------+-------+-------+-------+-------+----------------------
         Total | 100.0 | 100.0 |   N/A |   N/A | 100.0 |  84.2
       Dungeon | 100.0 | 100.0 |   N/A |   N/A | 100.0 |  84.2
               +-------+-------+-------+-------+-------+----------------------

Table legend: (Time is in decaauts)
 A = Elapsed time spent in this place.
 B = Non-inter-level travel time spent in this place.
 C = Inter-level travel time spent in this place.
 D = Time resting spent in this place.
 E = Time spent auto-exploring this place.
 F = Levels seen in this place.
 G = Mean time per level.
                   A        B        C        D        E       F      G
               +--------+--------+--------+--------+--------+-----+--------+
         Total |   4665 |   4462 |    203 |   1519 |   1900 |   5 |  933.0 |
       Dungeon |   4665 |   4462 |    203 |   1519 |   1900 |   5 |  933.0 |
               +--------+--------+--------+--------+--------+-----+--------+

Top non-repeatable levels by time:
     D:2: 2288 daAuts
     D:1: 880 daAuts
     D:4: 778 daAuts
     D:3: 709 daAuts
     D:5: 8 daAuts
